 Dungeon Crawl Stone Soup version 0.22-a0-305-gd21a89c (webtiles) character file.

586429 RoseArtemis the Conqueror (level 26, -17/266 HPs)
             Began as a Minotaur Berserker on Mar 30, 2018.
             Was a High Priest of Trog.
             Killed from afar by an Ice Fiend (21 damage)
             ... with a bolt of cold
             ... summoned by an ancient lich
             ... on level 5 of the Realm of Zot.
             The game lasted 03:46:26 (67054 turns).

RoseArtemis the Conqueror (Minotaur Berserker)     Turns: 67054, Time: 03:46:27

Health: -17/266    AC: 39    Str: 25    XL:     26   Next: 8%
Magic:  7/7        EV: 22    Int:  7    God:    Trog [*****.]
Gold:   3485       SH:  6    Dex: 18    Spells: 25/25 levels left

rFire    + + .     SeeInvis +   a - +9 battleaxe (antimagic)
rCold    + + .     Gourm    .   (shield currently unavailable)
rNeg     . . .     Faith    .   C - +11 gold dragon scales
rPois    +         Spirit   .   v - +0 hat "Yrehozau" {rC+ Str-4 Slay+5}
rElec    +         Reflect  +   I - +1 cloak
rCorr    +         Harm     .   E - +1 pair of gloves {Dex+3}
MR       ++...                  b - +1 pair of boots
Stlth    ..........             i - +6 amulet of reflection
HPRegen  0.94/turn              k - ring of Alugi {Wiz rF+ MR+ Int+3}
MPRegen  0.10/turn              B - ring "Kiticluo" {rCorr rElec Str+2 Int-2 SInv}

@: silence (expiring), berserk cooldown, slowed, very slow
A: retaliatory headbutt, fangs 1, horns 2, deformed body, regeneration 1,
electricity resistance, MP-powered wands
}: 3/15 runes: decaying, serpentine, slimy
a: Renounce Religion


You were on level 5 of the Realm of Zot.
You worshipped Trog.
Trog was extremely pleased with you.
You were very full.

You visited 11 branches of the dungeon, and saw 53 of its levels.
You also visited: Ossuary.

You collected 6223 gold pieces.
You spent 2738 gold pieces at shops.

Inventory:

Hand Weapons
 a - a +9 antimagic battleaxe (weapon)
 c - a +1 executioner's axe of electrocution
 L - a +2 vampiric executioner's axe
Armour
 b - a +1 pair of boots (worn)
 v - the +0 hat "Yrehozau" (worn) {rC+ Str-4 Slay+5}
   (You found it on level 3 of the Vaults)

   It affects your strength (-4).
   It affects your accuracy and damage with ranged weapons and melee attacks
   (+5).
   It protects you from cold.
 C - +11 gold dragon scales (worn)
 E - a +1 pair of gloves of dexterity (worn)
 I - a +1 cloak (worn)
Jewellery
 i - a +6 amulet of reflection (around neck)
 k - the ring of Alugi (left hand) {Wiz rF+ MR+ Int+3}
   (You found it on level 14 of the Dungeon)

   [ring of wizardry]

   It improves your spell success rate.
   It affects your intelligence (+3).
   It protects you from fire.
   It affects your resistance to hostile enchantments.
 B - the ring "Kiticluo" (right hand) {rCorr rElec Str+2 Int-2 SInv}
   (You bought it in a shop on level 14 of the Dungeon)

   [ring of resist corrosion]

   It affects your strength (+2).
   It affects your intelligence (-2).
   It insulates you from electricity.
   It lets you see invisible.
 J - an uncursed ring of poison resistance
 S - an uncursed ring of protection from magic
 W - an uncursed ring of protection from cold
Wands
 j - a wand of scattershot (5)
 u - a wand of disintegration (29)
 F - a wand of clouds (12)
 H - a wand of acid (12)
 N - a wand of polymorph (65)
 Q - a wand of flame (111)
 U - a wand of digging (19)
 X - a wand of iceblast (13)
 Z - a wand of paralysis (37)
Scrolls
 l - 22 scrolls of remove curse
 o - 13 scrolls of teleportation
 p - 7 scrolls of fog
 w - 2 scrolls of fear
 x - a scroll of silence
 z - 2 scrolls of brand weapon
 A - 6 scrolls of blinking
 T - 4 scrolls of magic mapping
Potions
 d - 2 potions of resistance
 e - 8 potions of haste
 g - 10 potions of lignification
 h - 7 potions of ambrosia
 m - 3 potions of might
 n - 4 potions of flight
 q - 15 potions of curing
 s - 9 potions of agility
 G - 2 potions of cancellation
 O - a potion of invisibility
 R - 4 potions of berserk rage
Comestibles
 f - 27 rations


   Skills:
 O Level 27 Fighting
 - Level 23.5 Axes
 + Level 24.1 Armour
 O Level 27 Dodging


You had 25 spell levels left.
You didn't know any spells.

Dungeon Overview and Level Annotations

Branches:
Dungeon (15/15)            Temple (1/1) D:5            Lair (6/6) D:9
  Swamp (4/4) Lair:2        Snake (4/4) Lair:2        Slime (5/5) Lair:5
    Orc (2/2) D:10            Elf (2/3) Orc:2        Vaults (4/5) D:13
  Crypt (0/3) Vaults:3     Depths (5/5) D:15            Zot (5/5) Depths:5

Altars:
Ashenzari
Cheibriados
Dithmenos
Elyvilon
Fedhas
Gozag
Hepliaklqana
Kikubaaqudgha
Makhleb
Nemelex Xobeh
Okawaru
Qazlal
Ru
Sif Muna
Trog
Uskayaw
Vehumet
Wu Jian
Xom
Yredelemnul
Zin
The Shining One
Beogh
Jiyva

Shops:
D:6 [*(   D:8 *   D:10 :!}[   D:13 (   D:14 =   Orc:1 [   Orc:2 %}%}   Elf:1 [
Elf:2 =   Snake:1 }*   Snake:2 =}}   Vaults:1 ((}   Depths:5 *

Portals:
Hell: Depths:1 Depths:2 Depths:3 Depths:5
Abyss: Depths:3 Depths:5
Pandemonium: Depths:3 Depths:5
Trove: D:14 (give 8 scrolls of blinking)

Annotations:
Elf:2 2 runed doors
Depths:4 1 runed door
Zot:1 1 transporter
Zot:5 1 exclusion


Innate Abilities, Weirdness & Mutations

You reflexively headbutt those who attack you in melee.
You have a pair of horns on your head.
You have very sharp teeth.
Armour fits poorly on your strangely shaped body.
Your natural rate of healing is unusually fast.
You are resistant to electric shocks. (rElec)
You expend magic power (3 MP) to strengthen your wands.


Message History

Okay, then.
Okay, then.
Okay, then.
Press: ? - help, v - describe, . - travel
Here: a Hell Sentinel (lightly wounded, summoned)
The floor, spattered with blood.
Okay, then.
Okay, then.
Okay, then.
Okay, then.
Okay, then.
Okay, then.
Okay, then.
Press: ? - help, v - describe, . - travel
Here: an ancient lich (severely damaged, slightly transparent)
The floor.
The Ice Fiend gestures at you.
The bolt of cold hits the Hell Sentinel.
The Hell Sentinel completely resists.
The bolt of cold hits you! You resist.
You die...

##### ***##.. #######...#
######... ##....##..<# ##...#....
###########........).###.........
.[...............................
.................................
.......##########..............##
.............2................###
...............1@..............##
.......⌠....1..L...........#...##
..#.........##.##...#...####...##
###...#...#####.#...##### #####.
#...#...# #....# #. #####...#
#.### #. *...# #.# ## ***## #.#
#.#


You could see a Hell Sentinel, an ancient lich (invisible), an Ice Fiend and a
reaper.

Vanquished Creatures
  the Royal Jelly (Slime:5)
  4 orbs of fire
  5 ancient liches (Zot:5)
  3 juggernauts
  Vashnia (Snake:2)
  A curse toe (Zot:5)
  A caustic shrike (Depths:4)
  8 golden dragons
  A bone dragon (Depths:5)
  The ghost of grindst0ne the Corrupter of Planes, an adept FoAK of Lugonu (Vaults:2)
  3 liches
  4 electric golems (Zot:5)
  19 tentacled monstrosities
  An Orb Guardian (Zot:5)
  9 quicksilver dragons
  A titan (Depths:4)
  7 death cobs
  23 acid blobs
  Frances (Swamp:1)
  2 thorn hunters (Swamp:4)
  2 sphinxes (Depths:4)
  Kirke (Swamp:1)
  8 storm dragons
  14 nagarajas
  5 tengu reavers
  Donald (Vaults:3)
  8 shadow dragons
  2 fire giants
  9 azure jellies
  5 frost giants
  A draconian monk (Zot:1)
  3 orc warlords
  4 draconian scorchers
  9 draconian knights
  Aizul (Swamp:4)
  10 vault wardens
  3 draconian stormcallers
  A ghoul (Swamp:1)
  A cacodemon (Depths:3)
  The ghost of Protee the Spry, a journeyman OpTm of Ru (Lair:6)
  A spriggan defender (Depths:3)
  6 draconian shifters
  3 draconian annihilators
  9 ironheart preservers
  The ghost of zkyp the Spry, an adept SpAs of Gozag (Swamp:3)
  A caustic shrike skeleton (Depths:2)
  9 stone giants
  A war gargoyle (Vaults:1)
  18 very ugly things
  A vampire knight (Depths:3)
  An entropy weaver (Vaults:4)
  A deep elf demonologist (Vaults:3)
  2 deep elf annihilators (Depths:4)
  10 black draconians
  7 white draconians
  6 green draconians
  8 yellow draconians
  10 purple draconians
  17 red draconians
  2 spark wasps
  13 ettins
  3 deep elf death magi
  2 deep elf high priests
  13 fire dragons
  9 death oozes
  Harold (Lair:1)
  16 yaktaur captains
  7 great orbs of eyes
  8 ice dragons
  7 vault guards
  The ghost of sexinstructor the Basher, a journeyman FoFi of Okawaru (Lair:1)
  26 naga warriors
  A catoblepas (Lair:2)
  5 rakshasas
  A hell beast (Depths:1)
  2 caustic shrike simulacra
  The ghost of varam the Nimble, a novice TrMo of Cheibriados (D:9)
  8 anacondas
  28 hydras
  A ghost crab (Swamp:4)
  12 centaur warriors
  28 two-headed ogres
  2 spriggan air magi (Depths:4)
  12 alligators
  3 death knights
  17 dancing weapons
  4 deep troll earth magi
  9 ogre magi
  7 deep troll shamans
  3 vampire magi
  2 orc high priests
  A tengu warrior (Depths:1)
  8 hell knights (Depths:2)
  12 naga sharpshooters
  6 spriggan berserkers
  5 shock serpents
  4 deep elf knights
  6 spriggans
  A shadow wraith (Vaults:4)
  9 skeletal warriors
  7 iron trolls
  4 salamander mystics
  A spark wasp zombie (Depths:1)
  8 sea snakes (Snake:4)
  4 flayed ghosts
  A glowing orange brain (shapeshifter) (Vaults:2)
  18 deep trolls
  6 wizards
  4 unseen horrors
  5 spriggan druids
  A gelid demonspawn (Depths:3)
  2 glowing orange brains
  6 deep elf archers
  14 ironbrand convokers
  2 shambling mangroves
  7 swamp dragons
  9 naga ritualists
  2 lindwurms (Lair:6)
  Pikel (D:5)
  10 harpies
  6 necromancers
  21 orc knights
  2 phantasmal warriors
  3 shining eyes
  The ghost of Sergey the Insei, a novice MfWr (D:5)
  2 wolf spiders
  2 manticores
  18 mana vipers
  8 orc sorcerers
  30 deep elf magi
  14 salamanders
  47 ugly things
  26 moths of wrath
  An elephant (shapeshifter) (Vaults:4)
  7 elephants
  A moth of wrath (shapeshifter) (Depths:1)
  10 guardian serpents
  6 cyclopes
  41 black mambas
  Maurice (D:8)
  24 naga magi
  3 gargoyles
  6 torpor snails (Lair:6)
  3 eyes of devastation
  A spiny frog (shapeshifter) (Depths:2)
  14 vault sentinels
  A smoke demon (Depths:5)
  7 komodo dragons
  2 rime drakes (shapeshifter)
  2 yaktaurs (shapeshifter)
  20 spiny frogs
  3 efreet
  A kobold demonologist (D:14)
  A hellwing (Depths:3)
  49 yaktaurs
  An ice devil (Depths:1)
  A queen bee (Depths:4)
  3 freezing wraiths
  3 red devils
  2 tengu conjurers (D:11)
  19 hornets
  A wind drake (shapeshifter) (Vaults:2)
  A jumping spider (shapeshifter) (Vaults:2)
  A polar bear (shapeshifter) (D:15)
  3 trolls
  9 polar bears (Lair:6)
  7 tyrant leeches
  5 raiju (Lair:6)
  100 slime creatures
  22 blink frogs
  15 bog bodies
  A blink frog (shapeshifter) (Vaults:1)
  A stone giant simulacrum (Depths:1)
  2 raiju (shapeshifter)
  7 dream sheep (Lair:5)
  An ice dragon zombie (Depths:1)
  13 hippogriffs
  An ettin skeleton (Depths:2)
  2 tarantellas (shapeshifter) (D:15)
  A fire dragon skeleton (Depths:1)
  3 wyverns
  16 water elementals
  5 shadows
  2 redbacks (shapeshifter)
  A wraith (Vaults:1)
  6 golden eyes (Slime:5)
  3 hogs (Swamp:1)
  16 humans
  46 yaks
  A basilisk (shapeshifter) (Vaults:2)
  Sigmund (D:5)
  3 redbacks (Vaults:4)
  A chaos spawn (Depths:3)
  A hog (shapeshifter) (Vaults:2)
  3 basilisks
  22 fire elementals
  3 hungry ghosts
  12 vampire mosquitoes
  18 swamp worms
  11 wargs
  9 insubstantial wisps
  Edmund (D:5)
  74 nagas
  11 hell hounds
  A soldier ant (D:14)
  16 water moccasins
  A hornet zombie (D:9)
  A slave (D:5)
  A floating eye (Depths:4)
  8 porcupines
  16 swamp drakes
  28 orc warriors
  2 sky beasts
  2 phantoms
  3 ice beasts
  12 black bears
  A black bear (shapeshifter) (Vaults:1)
  An eye of draining (shapeshifter) (Vaults:3)
  9 necrophages
  27 ogres
  8 boggarts
  14 centaurs
  5 eyes of draining
  17 wolves
  A boggart (shapeshifter) (D:13)
  7 crocodiles
  3 big kobolds
  4 elf zombies (Ossuary)
  19 bullfrogs
  An earth elemental (Elf:1)
  A wyvern zombie (D:7)
  2 scorpions
  40 killer bees
  16 wights
  5 electric eels (Lair:2)
  7 crimson imps
  6 centaur zombies
  3 bullfrog zombies
  4 human zombies (Ossuary)
  14 hounds
  25 orc priests
  Crazy Yiuf (D:6)
  6 jellies
  A gnoll shaman (D:7)
  2 bullfrog skeletons
  An iron imp (Depths:2)
  37 orc wizards
  4 centaur skeletons
  5 iguanas
  4 worker ants
  2 hound zombies (D:9)
  3 mummies (Ossuary)
  15 adders
  4 gnolls (D:7)
  A shadow imp (D:7)
  2 white imps (Lair:6)
  5 oozes (D:8)
  2 adder skeletons
  An adder zombie (D:8)
  2 worms
  2 dart slugs
  5 leopard geckos
  82 orcs
  2 ball pythons (Snake:2)
  6 giant cockroaches
  7 goblins
  4 hobgoblins
  A jackal (D:5)
  4 quokkas
  9 bats
  6 frilled lizards
  26 kobolds
  A leopard gecko skeleton (D:9)
  6 rats
  6 briar patches (Swamp:4)
  7 bushes (D:5)
  5 fungi
  8 plants
2206 creatures vanquished.

Vanquished Creatures (collateral kills)
  A juggernaut (Depths:4)
  A storm dragon (Depths:4)
  A draconian monk (Zot:1)
  A deep troll shaman (Depths:4)
  A naga mage (Snake:3)
  2 hogs (Swamp:1)
  A naga (Snake:3)
8 creatures vanquished.

Vanquished Creatures (others)
  A ghost moth (Zot:5)
  A hydra (Swamp:4)
  A naga sharpshooter (Snake:2)
  A deep elf knight (Elf:1)
  A shadow wraith (Vaults:4)
  4 moths of wrath (Zot:5)
  A water elemental (Elf:1)
  A slave (D:5)
  A bullfrog skeleton (D:13)
  Ijyb (D:5)
  A hound zombie (D:5)
  An orc (Orc:1)
  3 jackals (D:5)
  A quokka (D:5)
  A leopard gecko zombie (D:5)
  8 fungi (Lair:6)
  16 plants
44 creatures vanquished.

Grand Total: 2258 creatures vanquished

Notes
Turn   | Place    | Note
-------+----------+-------------------------------------------
     0 | D:1      | RoseArtemis the Minotaur Berserker began the quest for the Orb.
     0 | D:1      | Reached XP level 1. HP: 19/19 MP: 0/0
   273 | D:1      | Reached XP level 2. HP: 27/27 MP: 1/1
   710 | D:2      | Reached XP level 3. HP: 26/33 MP: 2/2
   817 | D:2      | Found a white marble altar of Elyvilon.
   899 | D:2      | Reached ** piety under Trog
  1490 | D:3      | Reached XP level 4. HP: 23/40 MP: 3/3
  1837 | D:3      | Reached skill level 5 in Axes
  2392 | D:4      | Noticed an ogre
  2399 | D:4      | Killed an ogre
  2399 | D:4      | Reached XP level 5. HP: 47/47 MP: 4/4
  2544 | D:4      | Got a smelly scale mail
  2555 | D:4      | Identified the +3 scale mail "Vekkez" {rF+ Str+6 Int+3} (You found it on level 4 of the Dungeon)
  2569 | D:4      | Reached XP level 6. HP: 55/55 MP: 5/5
  2575 | D:4      | Reached *** piety under Trog
  2645 | D:4      | Reached skill level 5 in Fighting
  2873 | D:4      | Reached XP level 7. HP: 59/61 MP: 6/6
  3038 | D:5      | Entered Level 5 of the Dungeon
  3042 | D:5      | Found a staircase to the Ecumenical Temple.
  3044 | D:5      | Noticed Pikel
  3051 | D:5      | Killed Pikel
  3051 | D:5      | Reached skill level 5 in Armour
  3103 | D:5      | Reached skill level 5 in Dodging
  3103 | D:5      | Reached XP level 8. HP: 70/70 MP: 7/7
  3116 | Temple   | Entered the Ecumenical Temple
  3414 | D:5      | Noticed Sergey's ghost (novice MfWr)
  3432 | D:5      | Noticed Edmund
  3550 | D:5      | Noticed Sigmund
  3560 | D:5      | Killed Sigmund
  3564 | D:5      | Killed Edmund
  3593 | D:5      | Killed Ijyb
  3904 | D:5      | Found an iron altar of Okawaru.
  4049 | D:5      | Killed Sergey's ghost
  4380 | D:6      | Reached XP level 9. HP: 79/79 MP: 8/8
  4427 | D:6      | Found a runed door.
  4471 | D:6      | Found Icim's Assorted Antiques.
  4474 | D:6      | Bought a scroll of identify for 46 gold pieces
  4474 | D:6      | Bought a scroll of identify for 46 gold pieces
  4474 | D:6      | Bought a scroll of identify for 46 gold pieces
  4553 | D:6      | Found Vuirgh's Armour Shop.
  4890 | D:6      | Found a blossoming altar of Fedhas.
  4890 | D:6      | Found a shadowy altar of Dithmenos.
  4890 | D:6      | Found a glowing golden altar of the Shining One.
  4994 | D:6      | Found Hoischok's Weapon Boutique.
  5128 | D:6      | Noticed Crazy Yiuf
  5133 | D:6      | Killed Crazy Yiuf
  5228 | D:7      | Reached skill level 10 in Axes
  5358 | D:7      | Reached **** piety under Trog
  5363 | D:7      | Found an iron altar of Okawaru.
  5503 | D:7      | Found a hazy altar of Hepliaklqana.
  5518 | D:7      | Found a shimmering altar of Xom.
  5519 | D:7      | Noticed a spectral ugly thing
  5557 | D:7      | Found a sand-covered staircase.
  5562 | Ossuary  | Entered an ossuary
  5851 | D:7      | Reached XP level 10. HP: 83/90 MP: 9/9
  5972 | D:6      | Bought a +1 pair of gloves of dexterity for 198 gold pieces
  6443 | D:8      | Reached ***** piety under Trog
  6713 | D:8      | Noticed Maurice
  6722 | D:8      | Killed Maurice
  6768 | D:8      | Found Ciarusti's Assorted Antiques.
  6964 | D:9      | Found a sacrificial altar of Ru.
  6970 | D:9      | Noticed varam's ghost (novice TrMo)
  6995 | D:9      | Killed varam's ghost
  7310 | D:9      | Noticed a two-headed ogre
  7313 | D:9      | Killed a two-headed ogre
  7404 | D:9      | Found a staircase to the Lair.
  7520 | D:9      | Found an opulent altar of Gozag.
  7520 | D:9      | Found a bloodstained altar of Trog.
  7526 | D:9      | Found an ancient bone altar of Kikubaaqudgha.
  7528 | D:9      | Found a sparkling altar of Nemelex Xobeh.
  7529 | D:9      | Found a deep blue altar of Sif Muna.
  8024 | D:10     | Entered Level 10 of the Dungeon
  8075 | D:10     | Noticed a two-headed ogre
  8085 | D:10     | Killed a two-headed ogre
  8085 | D:10     | Reached XP level 11. HP: 57/99 MP: 10/10
  8269 | D:10     | Found Opleg's Book Shop.
  8313 | D:10     | Reached skill level 10 in Fighting
  8345 | D:10     | Found a staircase to the Orcish Mines.
  8571 | D:10     | Found Momus's Gadget Shop.
  8778 | D:10     | Found Teoforaiwk's Distillery.
  8870 | D:10     | Found Dudeon's Armour Boutique.
  9059 | Lair:1   | Entered Level 1 of the Lair of Beasts
  9059 | Lair:1   | Noticed sexinstructor's ghost (journeyman FoFi)
  9075 | Lair:1   | Killed sexinstructor's ghost
  9075 | Lair:1   | Reached skill level 10 in Armour
  9802 | Lair:1   | Noticed Harold
  9816 | Lair:1   | Killed Harold
 10328 | Lair:2   | Noticed a catoblepas
 10338 | Lair:2   | Killed a catoblepas
 10338 | Lair:2   | Reached skill level 10 in Dodging
 10432 | Lair:2   | Found a staircase to the Snake Pit.
 10525 | Lair:2   | Received a gift from Trog
 10885 | Lair:2   | Reached XP level 12. HP: 110/110 MP: 11/11
 11067 | Lair:2   | Found a staircase to the Swamp.
 11853 | Lair:3   | Noticed a five-headed hydra
 11861 | Lair:3   | Killed a three-headed hydra
 12338 | Lair:4   | Noticed an eight-headed hydra
 12349 | Lair:4   | Killed a three-headed hydra
 12412 | Lair:4   | Noticed a six-headed hydra
 12420 | Lair:4   | Killed a one-headed hydra
 13460 | Lair:5   | Found a staircase to the Slime Pits.
 13464 | Lair:5   | Found a viscous altar of Jiyva.
 13475 | Lair:5   | Reached XP level 13. HP: 108/122 MP: 12/12
 13512 | Lair:5   | Received a gift from Trog
 14554 | Lair:6   | Entered Level 6 of the Lair of Beasts
 15339 | Lair:6   | Received a gift from Trog
 15515 | Lair:6   | Noticed Protee's ghost (journeyman OpTm)
 15526 | Lair:6   | Killed Protee's ghost
 15901 | Lair:6   | Reached XP level 14. HP: 119/133 MP: 4/13
 16283 | Lair:6   | Found a runed door.
 16337 | Lair:6   | Reached skill level 15 in Fighting
 17254 | Lair:6   | Reached skill level 15 in Armour
 17749 | D:10     | Bought +2 gold dragon scales for 1196 gold pieces
 18987 | D:12     | Received a gift from Trog
 19490 | Orc:1    | Entered Level 1 of the Orcish Mines
 19697 | Orc:2    | Entered Level 2 of the Orcish Mines
 19739 | Orc:1    | Found a roughly hewn altar of Beogh.
 20479 | Orc:2    | Found a staircase to the Elven Halls.
 20496 | Orc:2    | Received a gift from Trog
 20731 | Orc:1    | Found Hecho's Antique Armour Emporium.
 21276 | Orc:2    | Found Ruel's Gadget Shop.
 21276 | Orc:2    | Found Racot's Food Shop.
 21277 | Orc:2    | Found Afuzaos's Food Boutique.
 21281 | Orc:2    | Found Xale's Gadget Boutique.
 21473 | D:13     | Received a gift from Trog
 21477 | D:13     | Reached ****** piety under Trog
 21728 | D:13     | Found a gate to the Vaults.
 21881 | D:13     | Reached XP level 15. HP: 144/144 MP: 1/14
 22075 | D:13     | Found Uzoskal's Weapon Shop.
 22177 | D:13     | Reached skill level 15 in Dodging
 22565 | D:14     | Received a gift from Trog
 22740 | D:14     | Got a shimmering marble ring
 22758 | D:14     | Found Hesup's Jewellery Boutique.
 22798 | D:14     | Bought the ring "Kiticluo" {rCorr rElec Str+2 Int-2 SInv} for 534 gold pieces
 22990 | D:14     | Reached skill level 15 in Axes
 23879 | D:14     | Found a portal to a secret trove of treasure.
 24310 | Lair:2   | Identified the ring of Alugi {Wiz rF+ MR+ Int+3} (You found it on level 14 of the Dungeon)
 24314 | Swamp:1  | Entered Level 1 of the Swamp
 24673 | Swamp:1  | Noticed Frances
 24695 | Swamp:1  | Killed Frances
 24856 | Swamp:1  | Received a gift from Trog
 25105 | Swamp:1  | Noticed Kirke
 25114 | Swamp:1  | Killed Kirke
 25957 | Swamp:2  | Reached XP level 16. HP: 155/155 MP: 5/15
 26072 | Swamp:3  | Noticed zkyp's ghost (adept SpAs)
 26090 | Swamp:3  | Killed zkyp's ghost
 26172 | Swamp:3  | Received a gift from Trog
 27276 | Swamp:4  | Entered Level 4 of the Swamp
 28023 | Swamp:4  | Noticed a thorn hunter
 28038 | Swamp:4  | Killed a thorn hunter
 28381 | Swamp:4  | Got a decaying rune of Zot
 28447 | Swamp:4  | Received a gift from Trog
 28487 | Swamp:4  | Noticed Aizul
 28532 | Swamp:4  | Killed Aizul
 28982 | Swamp:4  | Noticed a thorn hunter
 29003 | Swamp:4  | Killed a thorn hunter
 29454 | Snake:1  | Entered Level 1 of the Snake Pit
 29587 | Snake:1  | Reached XP level 17. HP: 162/163 MP: 5/16
 29676 | Snake:1  | Received a gift from Trog
 29681 | Snake:1  | Found Udul Egi's Gadget Boutique.
 30173 | Snake:1  | Found Caquiclo's Assorted Antiques.
 30181 | Snake:1  | Bought a scroll of teleportation for 102 gold pieces
 30181 | Snake:1  | Bought a scroll of blinking for 255 gold pieces
 30851 | Snake:1  | Received a gift from Trog
 31392 | Snake:2  | Received a gift from Trog
 31771 | Snake:2  | Noticed Vashnia
 32052 | Snake:2  | Killed Vashnia
 32658 | Snake:2  | Found Xoraare's Jewellery Boutique.
 32658 | Snake:2  | Found Fudiqun's Gadget Shoppe.
 32659 | Snake:2  | Found Ludule's Gadget Shoppe.
 33061 | Snake:3  | Received a gift from Trog
 33443 | Snake:3  | Reached XP level 18. HP: 159/174 MP: 5/17
 34035 | Snake:4  | Entered Level 4 of the Snake Pit
 34989 | Snake:4  | Received a gift from Trog
 36724 | Snake:4  | Got a serpentine rune of Zot
 37035 | D:15     | Entered Level 15 of the Dungeon
 37590 | D:15     | Found a staircase to the Depths.
 37872 | Vaults:1 | Entered Level 1 of the Vaults
 37934 | Vaults:1 | Received a gift from Trog
 37946 | Vaults:1 | Reached XP level 19. HP: 187/187 MP: 6/18
 38172 | Vaults:1 | Found Isyecwa's Weapon Boutique.
 38180 | Vaults:1 | Found Iggexad's Gadget Boutique.
 38695 | Vaults:1 | Received a gift from Trog
 39058 | Vaults:1 | Found Ybues's Antique Weapon Shoppe.
 39329 | Vaults:2 | Noticed grindst0ne's ghost (adept FoAK)
 39350 | Vaults:2 | Killed grindst0ne's ghost
 40860 | Vaults:3 | Received a gift from Trog
 40922 | Vaults:3 | Reached XP level 20. HP: 182/201 MP: 6/19
 41697 | Vaults:3 | Found a staircase to the Crypt.
 42120 | Vaults:3 | Found the +2 robe of Vines {NoPotionHeal Regen+7}
 42130 | Vaults:3 | Got a spiked hat
 42141 | Vaults:3 | Identified the -4 hat of Odaurog {rN+ Str+3} (You found it on level 3 of the Vaults)
 42246 | Vaults:3 | Found a radiant altar of Vehumet.
 42259 | Vaults:3 | Got a faintly humming hat
 42273 | Vaults:3 | Identified the cursed +0 hat "Momel" {Str+3 Slay+3 Stlth+} (You found it on level 3 of the Vaults)
 42298 | Vaults:3 | Got a pitted hat
 42309 | Vaults:3 | Identified the cursed +0 hat "Yrehozau" {rC+ Str-4 Slay+5} (You found it on level 3 of the Vaults)
 42381 | Vaults:3 | Noticed Donald
 42386 | Vaults:3 | Killed Donald
 42622 | Vaults:3 | Received a gift from Trog
 43680 | Vaults:4 | Received a gift from Trog
 44570 | Elf:1    | Entered Level 1 of the Elven Halls
 44604 | Elf:1    | Found Temu's Antique Armour Shoppe.
 45365 | Elf:1    | Reached XP level 21. HP: 196/214 MP: 6/20
 45750 | Elf:2    | Received a gift from Trog
 45863 | Elf:2    | Found a runed door.
 45986 | Elf:2    | Found Girror's Jewellery Emporium.
 46083 | Elf:2    | Found a runed door.
 46280 | Depths:1 | Entered Level 1 of the Depths
 46608 | Depths:1 | Found a gateway to Hell.
 46815 | Depths:1 | Received a gift from Trog
 48110 | Depths:2 | Received a gift from Trog
 48414 | Depths:2 | Noticed a juggernaut
 48432 | Depths:2 | Killed a juggernaut
 49645 | Depths:3 | Reached XP level 22. HP: 227/227 MP: 7/21
 50409 | Depths:3 | Found a one-way gate to the infinite horrors of the Abyss.
 50659 | Depths:3 | Received a gift from Trog
 50940 | Depths:3 | Found a one-way gate leading to the halls of Pandemonium.
 51425 | Depths:3 | Found a runed door.
 51482 | Depths:3 | Found a runed door.
 51810 | Depths:4 | Found a runed door.
 51840 | Depths:4 | Noticed a caustic shrike
 51846 | Depths:4 | Killed a caustic shrike
 51875 | Depths:4 | Got a slimy scale mail
 52346 | Depths:4 | Noticed a juggernaut
 52398 | Depths:4 | Killed a juggernaut
 52480 | Depths:4 | Noticed a juggernaut
 52493 | Depths:4 | Killed a juggernaut
 52765 | Depths:4 | Received a gift from Trog
 52885 | Depths:4 | Received a gift from Trog
 53180 | Depths:4 | Noticed a juggernaut
 53191 | Depths:4 | Killed a juggernaut
 53191 | Depths:4 | Reached skill level 27 in Fighting
 53191 | Depths:4 | Reached XP level 23. HP: 240/240 MP: 7/22
 53667 | Depths:5 | Entered Level 5 of the Depths
 53749 | Depths:5 | Found Wzxanuat's Whimsical Warehouse.
 53868 | Depths:5 | Found a gate to the Realm of Zot.
 55125 | Slime:1  | Entered Level 1 of the Pits of Slime
 55144 | Slime:1  | Received a gift from Trog
 55221 | Slime:2  | Gained mutation: You are frail. (-10% HP) [a shining eye]
 57511 | Slime:5  | Entered Level 5 of the Pits of Slime
 57839 | Slime:5  | Received a gift from Trog
 58049 | Slime:5  | Noticed the Royal Jelly
 58063 | Slime:5  | Killed the Royal Jelly
 58604 | Slime:5  | Gained mutation: You are clumsy. (Dex -2) [a shining eye]
 58614 | Slime:5  | Gained mutation: You are very frail. (-20% HP) [a shining eye]
 58618 | Slime:5  | Gained mutation: Potions are less effective at restoring your health. [a shining eye]
 58872 | Slime:5  | Found the +8 Wrath of Trog {antimagic, *Rage}
 58876 | Slime:5  | Got a slimy rune of Zot
 58924 | Slime:5  | Found the +2 hat of the Bear Spirit {Spirit, +Rage rN+ MR++}
 59120 | Slime:5  | Lost mutation: You are clumsy. (Dex -2) [potion of mutation]
 59120 | Slime:5  | Lost mutation: You are very frail. (-20% HP) [potion of mutation]
 59120 | Slime:5  | Lost mutation: Potions are less effective at restoring your health. [potion of mutation]
 59120 | Slime:5  | Lost mutation: You are frail. (-10% HP) [potion of mutation]
 59120 | Slime:5  | Gained mutation: You are resistant to electric shocks. (rElec) [potion of mutation]
 59120 | Slime:5  | Gained mutation: You have very sharp teeth. [potion of mutation]
 59120 | Slime:5  | Gained mutation: Your natural rate of healing is unusually fast. [potion of mutation]
 59197 | Slime:5  | Gained mutation: You expend magic power (3 MP) to strengthen your wands. [a shining eye]
 59622 | Zot:1    | Entered Level 1 of the Realm of Zot
 59879 | D:8      | Bought a scroll of teleportation for 90 gold pieces
 59879 | D:8      | Bought a scroll of enchant armour for 225 gold pieces
 60235 | Zot:1    | Reached XP level 24. HP: 231/247 MP: 7/22
 60822 | Zot:1    | Found a transporter.
 61089 | Zot:1    | Received a gift from Trog
 61287 | Zot:1    | Noticed an orb of fire
 61306 | Zot:1    | Killed an orb of fire
 63173 | Zot:3    | Reached XP level 25. HP: 257/257 MP: 7/22
 63446 | Zot:3    | Received a gift from Trog
 63553 | Zot:3    | Gained mutation: Armour fits poorly on your strangely shaped body. [mutagenic glow]
 66081 | Zot:5    | Entered Level 5 of the Realm of Zot
 66090 | Zot:4    | Received a gift from Trog
 66287 | Zot:5    | Noticed an orb of fire
 66298 | Zot:5    | Killed an orb of fire
 66330 | Zot:5    | Noticed an ancient lich
 66341 | Zot:5    | Killed an ancient lich
 66371 | Zot:5    | Noticed an ancient lich
 66384 | Zot:5    | Killed an ancient lich
 66384 | Zot:5    | Reached skill level 27 in Dodging
 66487 | Zot:5    | Noticed an ancient lich
 66498 | Zot:5    | Killed an ancient lich
 66509 | Zot:5    | Noticed an orb of fire
 66521 | Zot:5    | Killed an orb of fire
 66583 | Zot:5    | Noticed an ancient lich
 66590 | Zot:5    | Killed an ancient lich
 66600 | Zot:5    | Noticed an orb of fire
 66618 | Zot:5    | Killed an orb of fire
 66618 | Zot:5    | Reached XP level 26. HP: 175/266 MP: 7/22
 66871 | Zot:5    | Noticed an ancient lich
 66878 | Zot:5    | Killed an ancient lich
 67028 | Zot:5    | Noticed an ancient lich
 67053 | Zot:5    | HP: 4/266 [reaper/scythe of flaming[an ancient lich] (20)]
 67054 | Zot:5    | Killed from afar by an Ice Fiend

Vault maps used:
D:1:      minmay_arrival_glassed_features, hex_tiny
D:2:      nicolae_overflow_hidden_temple, minmay_small_reverse_x
D:3:      first_ration
D:5:      okawaru_gym_becter, minmay_temple_entry_trees,
          lexackson_kobold_supper, uniq_pikel, uniq_edmund, uniq_ijyb,
          uniq_sigmund
D:6:      gammafunk_temple_overflow_claw, serial_shops, shop, shop_coins,
          nicolae_shop_window_shopping, minivault_23, uniq_crazy_yiuf_cottage
D:7:      regret_index_temple_of_mockery, enter_ossuary_5, basic_altar
D:8:      serial_shops, kennysheep_mini, hangedman_little_slice_of_home,
          uniq_maurice
D:9:      nicolae_ru_awakened_eye, chequers_temple_overflow_minitemple,
          lair_entry_dummy, hangedman_corner_corridor
D:10:     orc_0_dummy, serial_shops,
          nicolae_shop_temple_entry_statues_fountains, shop,
          nicolae_shop_behind_doors, shop
D:11:     minivault_22
D:13:     david_vaults_3, serial_shops, nicolae_shop_behind_doors
D:14:     serial_shops, nicolae_shop_crystal, nicolae_trove_entry_crossroad
D:15:     gammafunk_enter_depths_forms, palyth_stone_intersect
Temple:   compressed_dpeg_triangle_lava_temple
Lair:1:   eino_small_chamber_without_monster, infiniplex_staircase_pool,
          uniq_harold
Lair:2:   minmay_swamp_entry_eels, guppyfry_snake_entry_island,
          serial_bayou_crossing
Lair:5:   slime_altar_1, minmay_lindwurm_lava
Lair:6:   wormcave, hangedman_lair_caniforms_friends, bobbens_ice_dragon_lair,
          infiniplex_staircase_pool_2
Swamp:1:  nicolae_swamp_round_clearing, hangedman_swamp_ravenous, uniq_kirke,
          uniq_frances
Swamp:2:  serial_swamp_ruin, evilmike_swamp_ruin_house_3,
          evilmike_swamp_ruin_house_2
Swamp:3:  evilmike_swamp_ruin_house_5, roderic_carrion_pond
Swamp:4:  swamp, uniq_aizul
Snake:1:  serial_shops, shop, shop_fountains
Snake:2:  hangedman_snake_corridor_cut, minmay_shop_grove, uniq_vashnia
Snake:4:  grunt_snake_rune_pools, st_stairs_8, serial_bayou_shore_b
Slime:1:  cheibrodos_slime_lost_civilization_6
Slime:2:  cheibrodos_slime_lost_civilization_1
Orc:1:    serial_shops, nicolae_shop_window_shopping, basic_altar
Orc:2:    st_orc_mages
Elf:1:    elf_arrival_001, portal_desolation_entry_ruin, serial_shops,
          shop_fountains, minivault_28, library_closet
Elf:2:    serial_shops, nicolae_shop_window_shopping, serial_glass,
          glass_columns_b, glass_columns_a, uniq_asterion
Vaults:1: hangedman_vaults_stagger, nicolae_vaults_big_angled_halls,
          st_hourglassy, vaults_mumra_chevron_long, hangedman_vaults_nails,
          vaults_dpeg_doors, v_misc_14, serial_shops, nicolae_shop_waterfront,
          shop, shop_fountains
Vaults:2: v_alt_pattern_4, nicolae_vaults_three_branches,
          vaults_mumra_bighexcomb, nicolae_vaults_windows_and_doors_thing,
          ontoclasm_vaults_spin, vaults_room_fours, v_rooms_4, v_pattern_4,
          v_alt_pattern_1, nicolae_vaults_circle_grid_b, nicolae_vaults_theta
Vaults:3: grunt_tower_of_power, ontoclasm_vaults_claustrophobia,
          minmay_crypt_entry_simple_corners, hangedman_vaults_capsules,
          v_pattern_5, nicolae_vaults_network_star, vaults_room_door_ring,
          nicolae_vaults_circle_grid_a, uniq_donald
Vaults:4: nicolae_vaults_back_hallway, hangedman_vaults_cutoff,
          dpeg_vaults_monster_row, vaults_room_ringed_pool,
          ontoclasm_vaults_loading_screen, hangedman_vaults_river_flow,
          ontoclasm_vaults_chip, vaults_room_door_ring, v_alt_pattern_2,
          v_misc_24, ontoclasm_vaults_twist, hangedman_vaults_maws,
          grunt_vaults_hallway_short, v_misc_19, v_misc_16
Depths:1: interstate_on_off, grunt_mini_vestibule, hex_large,
          serial_bayou_shore_b
Depths:2: minmay_strange_plus, grunt_hell_entry_dis_mu, minmay_misc_feat_tower
Depths:3: cheibrodos_witchhunters_guild, hangedman_geh_valley,
          rand_demon_pan_entry_4, abyss_entry, serial_co_window_serial,
          co_window_paths_b, co_window_corner_a, co_window_paths_a,
          co_window_paths_a, co_window_paths_a, co_window_unsneaky_path_b,
          co_window_broadway_b, co_window_of_opportunity_b, co_window_corner_cb,
          co_window_corner_ca, co_window_cross_3, glass_columns_c,
          glass_columns_b, glass_columns_b, glass_columns_c, glass_columns_c
Depths:4: box_level_dp, abyss_entry, hell_entry, pan_entry
Depths:5: grunt_twist_and_shout, hellmouth_1, abyss_entry_small_statue_room,
          pan_entry, serial_bayou_pond_d, nicolae_alphabet_shops,
          serial_bayou_shore_a
Zot:1:    gammafunk_the_bubble
Zot:2:    kennysheep_ambush_hall
Zot:3:    nicolae_lava_and_water
Zot:4:    lemuel_firehouse
Ossuary:  ossuary_minmay_four_chambers

Skill      XL: |  1  2  3  4  5  6  7  8  9 10 11 12 13 14 15 16 17 18 19 20 21 22 23 24 25 26 |
---------------+-------------------------------------------------------------------------------+-----
Axes           | 4 5 6 8 9 11 13 14 16 18 19 20 21 22 23 | 23.5
Fighting       | 4 5 6 7 8 9 11 13 14 16 17 18 20 22 24 25 27 | 27.0
Armour         | 3 4 5 6 8 9 11 12 14 16 17 18 19 21 23 24 | 24.1
Dodging        | 3 4 5 6 7 8 10 11 13 14 15 16 17 19 21 22 24 25 27 | 27.0

Action                   |  1- 3 |  4- 6 |  7- 9 | 10-12 | 13-15 | 16-18 | 19-21 | 22-24 | 25-27 || total
-------------------------+-------+-------+-------+-------+-------+-------+-------+-------+-------++-------
Melee: Hand axe          |    92 |    62 |   354 |    40 |    84 |   115 |       |       |       ||   747
       Headbutt          |    13 |     8 |   130 |   125 |   272 |   355 |   404 |   425 |   147 ||  1879
       Battleaxe         |       |       |       |   439 |  1001 |  1166 |  1340 |  1242 |   436 ||  5624
       Bite              |       |       |       |       |       |       |       |    79 |    72 ||   151
Invok: Berserk           |     2 |     4 |    11 |    28 |    35 |    28 |    15 |    28 |    13 ||   164
       Trog's Hand       |       |     1 |     4 |    10 |    15 |     8 |    12 |    21 |    11 ||    82
       Brothers in Arms  |       |       |       |       |     1 |     1 |       |     2 |       ||     4
Evoke: Wand              |       |       |       |       |       |     1 |       |    21 |     2 ||    24
  Use: Scroll            |     2 |     3 |    11 |     4 |    21 |     9 |     9 |    19 |    12 ||    90
       Potion            |       |       |     1 |       |     3 |     6 |     1 |     6 |     6 ||    23
 Stab: Sleeping          |       |     2 |       |       |       |       |       |       |       ||     2
       Distracted        |       |       |       |       |     1 |       |     1 |     2 |       ||     4
       Confused          |       |       |       |       |       |     3 |       |       |       ||     3
  Eat: Chunk             |     3 |     9 |    14 |    40 |    48 |    29 |    36 |    14 |       ||   193
       Ration            |       |       |     2 |     4 |     9 |    12 |     6 |    23 |    11 ||    67
Armor: Animal skin       |    16 |     8 |       |       |       |       |       |       |       ||    24
       Scale mail        |       |     7 |    56 |    13 |       |       |       |       |       ||    76
       Plate armour      |       |       |       |   215 |   207 |       |       |       |       ||   422
       Gold dragon scale |       |       |       |       |   483 |   767 |   486 |   713 |   242 ||  2691
Dodge: Dodged            |    49 |    41 |   105 |   327 |   931 |  1036 |   770 |   793 |   304 ||  4356
Block: Other             |       |       |       |       |       |       |       |   143 |    73 ||   216

Table legend:
 A = Spawn XP
 B = Non-spawn XP
 C = Spawn XP percentage of total XP
 D = Spawn monster count
 E = Non-spawn monster count
 F = Spawn count percentage of total count
 G = Total turns spent on level
                    A         B        C        D         E        F      G
               +---------+---------+-------+---------+---------+-------+---------
         Total |       0 | 1332147 |   0.0 |       0 |    2171 |   0.0 | 67054
               +---------+---------+-------+---------+---------+-------+---------
           D:1 |       0 |      18 |   0.0 |       0 |      12 |   0.0 |   603
           D:2 |       0 |      52 |   0.0 |       0 |      20 |   0.0 |   822
           D:3 |       0 |     121 |   0.0 |       0 |      24 |   0.0 |   933
           D:4 |       0 |     581 |   0.0 |       0 |      23 |   0.0 |   680
           D:5 |       0 |    1860 |   0.0 |       0 |      19 |   0.0 |  1092
           D:6 |       0 |     423 |   0.0 |       0 |       9 |   0.0 |   900
           D:7 |       0 |    1711 |   0.0 |       0 |      36 |   0.0 |   531
           D:8 |       0 |    1705 |   0.0 |       0 |      37 |   0.0 |   994
           D:9 |       0 |    2955 |   0.0 |       0 |      20 |   0.0 |  1290
          D:10 |       0 |    3840 |   0.0 |       0 |      24 |   0.0 |  1308
          D:11 |       0 |    5999 |   0.0 |       0 |      34 |   0.0 |   863
          D:12 |       0 |    5115 |   0.0 |       0 |      23 |   0.0 |  1145
          D:13 |       0 |   14707 |   0.0 |       0 |      71 |   0.0 |  1313
          D:14 |       0 |   15703 |   0.0 |       0 |      41 |   0.0 |  1393
          D:15 |       0 |   14781 |   0.0 |       0 |      42 |   0.0 |  1052
        Lair:1 |       0 |    5650 |   0.0 |       0 |      20 |   0.0 |  1336
        Lair:2 |       0 |    4665 |   0.0 |       0 |      21 |   0.0 |  1363
        Lair:3 |       0 |    7634 |   0.0 |       0 |      29 |   0.0 |   856
        Lair:4 |       0 |    3309 |   0.0 |       0 |      10 |   0.0 |  1101
        Lair:5 |       0 |    9380 |   0.0 |       0 |      31 |   0.0 |  1581
        Lair:6 |       0 |   30179 |   0.0 |       0 |     111 |   0.0 |  3066
       Swamp:1 |       0 |   15532 |   0.0 |       0 |      39 |   0.0 |   984
       Swamp:2 |       0 |   13393 |   0.0 |       0 |      32 |   0.0 |   793
       Swamp:3 |       0 |   15027 |   0.0 |       0 |      39 |   0.0 |  2058
       Swamp:4 |       0 |   38081 |   0.0 |       0 |      73 |   0.0 |  1272
       Snake:1 |       0 |   34271 |   0.0 |       0 |      71 |   0.0 |  1855
       Snake:2 |       0 |   28507 |   0.0 |       0 |      51 |   0.0 |  1488
       Snake:3 |       0 |   23790 |   0.0 |       0 |      39 |   0.0 |  1338
       Snake:4 |       0 |   63374 |   0.0 |       0 |      99 |   0.0 |  2736
       Slime:1 |       0 |   13123 |   0.0 |       0 |      17 |   0.0 |   833
       Slime:2 |       0 |   16599 |   0.0 |       0 |      20 |   0.0 |   682
       Slime:3 |       0 |    3381 |   0.0 |       0 |       6 |   0.0 |   431
       Slime:4 |       0 |    8242 |   0.0 |       0 |      19 |   0.0 |   902
       Slime:5 |       0 |   45603 |   0.0 |       0 |      46 |   0.0 |   959
         Orc:1 |       0 |    4461 |   0.0 |       0 |      38 |   0.0 |   980
         Orc:2 |       0 |    6253 |   0.0 |       0 |      67 |   0.0 |  1011
         Elf:1 |       0 |   18604 |   0.0 |       0 |      29 |   0.0 |  1219
         Elf:2 |       0 |   15276 |   0.0 |       0 |      22 |   0.0 |   374
      Vaults:1 |       0 |   35159 |   0.0 |       0 |      57 |   0.0 |  1263
      Vaults:2 |       0 |   54113 |   0.0 |       0 |      71 |   0.0 |  1503
      Vaults:3 |       0 |   60462 |   0.0 |       0 |      93 |   0.0 |  2384
      Vaults:4 |       0 |   42794 |   0.0 |       0 |      68 |   0.0 |  1474
      Depths:1 |       0 |   41929 |   0.0 |       0 |      59 |   0.0 |  1372
      Depths:2 |       0 |   58718 |   0.0 |       0 |      64 |   0.0 |  2117
      Depths:3 |       0 |   62235 |   0.0 |       0 |      63 |   0.0 |  2021
      Depths:4 |       0 |   93480 |   0.0 |       0 |      97 |   0.0 |  2161
      Depths:5 |       0 |   41249 |   0.0 |       0 |      33 |   0.0 |  1230
         Zot:1 |       0 |   85140 |   0.0 |       0 |      47 |   0.0 |  1757
         Zot:2 |       0 |   67500 |   0.0 |       0 |      38 |   0.0 |  1022
         Zot:3 |       0 |   44319 |   0.0 |       0 |      25 |   0.0 |  1472
         Zot:4 |       0 |   55824 |   0.0 |       0 |      56 |   0.0 |  1749
         Zot:5 |       0 |   94517 |   0.0 |       0 |      21 |   0.0 |   921
       Ossuary |       0 |     803 |   0.0 |       0 |      15 |   0.0 |   232
               +---------+---------+-------+---------+---------+-------+---------
